 Dungeon Crawl Stone Soup version 0.17-a0-746-g953d9fb (webtiles) character file.

42 stringdemon the Conjurer (level 3, -1/26 HPs)
             Began as a Draconian Conjurer on Apr 21, 2015.
             Killed by nerve-wracking pain
             ... invoked by Jessica
              (10 damage)
             ... on level 2 of the Dungeon.
             The game lasted 00:03:51 (968 turns).

stringdemon the Conjurer (Draconian Conjurer)        Turns: 968, Time: 00:03:52

Health: -1/26      AC:  6    Str: 10    XL:     3   Next: 33%
Magic:  4/6        EV: 12    Int: 16    God:
Gold:   26         SH:  0    Dex: 11    Spells: 1 memorised, 5 levels left

rFire  . . .     SeeInvis .     h - +4 hunting sling
rCold  . . .     Clarity  .     (armour unavailable)
rNeg   . . .     SustAb   .     (no shield)
rPois  .         Gourm    .     (helmet restricted)
rElec  .         Spirit   .     (no cloak)
rCorr  .         Warding  .     (no gloves)
rMut   .         Stasis   .     j - +0 pair of boots
MR     .....                    (no amulet)
Stlth  ++........               (no ring)
                                (no ring)

@: slowed, very slow, not resistant to hostile enchantments, unstealthy
A: unfitting armour, cold-blooded, AC +5
a: no special abilities


You were on level 2 of the Dungeon.
You were hungry.

You visited 1 branch of the dungeon, and saw 2 of its levels.

You collected 26 gold pieces.

Inventory:

Hand weapons
 h - a +4 hunting sling (weapon)
Missiles
 f - 4 sling bullets of frost (quivered)
 l - 64 stones
Armour
 j - a +0 pair of boots (worn)
Scrolls
 d - a scroll of enchant weapon {unknown}
 g - a scroll of remove curse {unknown}
 i - a scroll of magic mapping {unknown}
 m - a scroll of identify {unknown}
 n - a scroll of teleportation {unknown}
Potions
 c - a potion of lignification {unknown}
 e - a potion of flight {unknown}
Books
 a - a book of Conjurations

   Spells                             Type                      Level
   a - Magic Dart                     Conjuration                  1
   b - Searing Ray                    Conjuration                  2
   c - Dazzling Spray                 Conjuration/Hexes            3
   d - Fulminant Prism                Conjuration/Hexes            4
   e - Iskenderun's Mystic Blast      Conjuration                  4
   f - Iskenderun's Battlesphere      Conjuration/Charms           5
Comestibles
 b - 2 bread rations
 k - 2 chunks of flesh


   Skills:
 - Level 1.7 Dodging
 - Level 1.8 Stealth
 + Level 2.4 Spellcasting
 + Level 4.8 Conjurations


You had 5 spell levels left.
You knew the following spells:

 Your Spells              Type           Power        Failure   Level  Hunger
a - Magic Dart            Conj           ###.         3%          1    #......


Dungeon Overview and Level Annotations

Branches:
Dungeon (2/15)

Altars:

Annotations:
D:2 Jessica


Innate Abilities, Weirdness & Mutations

Your plain brown scales are hard (AC +5).
Your body does not fit into most forms of armour.
You are cold-blooded and may be slowed by cold attacks.


Message History

Pain shoots through your body! Jessica closely misses you.
Casting: Magic Dart
Confirm with . or Enter, or press ? or * to list all spells.
Aiming: Magic Dart
Press: ? - help, Shift-Dir - straight line, f/p - Jessica
Aim: Jessica, wearing a robe (almost dead, fast)
The magic dart hits Jessica.
Jessica is almost dead.
Jessica hits you but does no damage. Jessica hits you.
Casting: Magic Dart
Confirm with . or Enter, or press ? or * to list all spells.
Aiming: Magic Dart
Press: ? - help, Shift-Dir - straight line, f/p - Jessica
Aim: Jessica, wearing a robe (almost dead, fast)
The magic dart hits Jessica.
Jessica is almost dead.
Jessica hits you. x2
Jessica points at you and mumbles some strange words.
Pain shoots through your body!
You die...

.... #..# #..# #..#
######..#############
+.......)..>........#
###.....###.......#.#
###+##.####(#####.#.#
#...<.(......@@...(.#
#......#.##...###)###
#......#.##...#
#.....†# ###....
###..#.# ######
####.# ..# #.. +..


You could see Jessica.

Vanquished Creatures
  Natasha (D:2)
  2 bats (D:1)
  5 hobgoblins (D:1)
  3 kobolds
  A giant newt (D:1)
  4 goblins (D:1)
  2 rats (D:1)
18 creatures vanquished.

Notes
Turn   | Place    | Note
--------------------------------------------------------------
     0 | D:1      | stringdemon, the Draconian Conjurer, began the quest for the Orb.
     0 | D:1      | Reached XP level 1. HP: 14/14 MP: 3/3
   289 | D:1      | Reached XP level 2. HP: 11/20 MP: 0/5
   942 | D:2      | Noticed Natasha
   945 | D:2      | Killed Natasha
   945 | D:2      | Reached XP level 3. HP: 26/26 MP: 4/6
   956 | D:2      | Noticed Jessica
   968 | D:2      | Killed from afar by Jessica

Action                   || total
-------------------------++-------
Melee: Unarmed           ||    28
 Fire: Hunting sling     ||    12
 Cast: Magic Dart        ||    26
